 Dungeon Crawl Stone Soup version 0.29-a0-284-gf9362112df (webtiles) character file.

Game seed: 5900078113641343466

213074 sizableburger the Reanimator (level 18, 0/190 HPs)
             Began as a Naga Necromancer on Mar 24, 2022.
             Was the Champion of Ashenzari.
             Shot with an arrow by a satyr (25 damage)
             ... on level 4 of the Shoals.
             The game lasted 03:25:12 (56973 turns).

sizableburger the Reanimator (Naga Necromancer)    Turns: 56973, Time: 03:25:13

Health: 0/190      AC: 24    Str: 12    XL:     18   Next: 94%
Magic:  22/49      EV: 16    Int: 24    God:    Ashenzari [******]
Gold:   2340       SH:  4    Dex: 13    Spells: 5/54 levels left

rFire   . . .      SeeInvis +   q - +7 sceptre of Torment {pain, torment, Self, Cun} (curse)
rCold   + . .      Faith    .   r - +0 buckler of the Fated Yoke {Bglg, Self} (curse)
rNeg    . . .      Spirit   .   x - +2 robe of Supernal Wisdom {rC+, Evo, Comp} (curse)
rPois   +          Reflect  .   J - +2 hat "Behold Eternity" {Int+3, Self, Fort} (curse)
rElec   .          Harm     +   v - scarf of Desmomancy {harm, Melee, Comp} (curse)
rCorr   .          Rampage  .   Q - +2 pair of gloves of the Chained Seeker {Stlth+, Elem, Bglg} (curse)
Will    ++...      Clarity  +   S - +4 barding of the Shattered Sun {Cun, Comp} (curse)
Stlth   ++........              h - amulet "All-seeing Irritation" {RegenMP, Comp, Melee} (curse)
HPRegen 0.41/turn               t - ring "Yoke of the Sky" {EV+4, Melee, Self} (curse)
MPRegen 0.71/turn               L - ring "Share My Suspicion" {MP+9, Comp, Self} (curse)

@: death channelling, spewing sludge, very slightly contaminated, studying
Throwing, very slow
A: AC +6, large, see invisible, deformed body, poison resistance, slowness 2,
spit poison 1, naga tail 2, horns 1, stinger 1, MP-powered wands
}: 1/15 runes: gossamer
a: Spit Poison, Renounce Religion, Shatter the Chains


You were on level 4 of the Shoals.
You worshipped Ashenzari.
Ashenzari was exalted by your worship.
You visited 6 branches of the dungeon, and saw 32 of its levels.
You also visited: Gauntlet and Ice Cave.

You collected 5930 gold pieces.
You spent 3590 gold pieces at shops.

Inventory:

Hand Weapons
 q - the cursed +7 sceptre of Torment (weapon) {pain, torment, Self, Cun}
   (You bought it in a shop on level 8 of the Dungeon)

   In the hands of one skilled in necromantic magic, it inflicts extra damage on
   living creatures.
   It occasionally torments all nearby living foes when it strikes in combat.
   It has a curse which improves the following skills: Introspection: Fighting
   and Spellcasting.
   Cunning:   Dodging and Stealth.
Missiles
 W - 3 throwing nets
Armour
 a - a +1 cloak
 r - the cursed +0 buckler of the Fated Yoke (worn) {Bglg, Self}
   (You found it on level 4 of the Dungeon)

   It has a curse which improves the following skills: Beguiling: Conjurations,
   Hexes and Translocations.
   Introspection: Fighting and Spellcasting.
 v - the cursed scarf of Desmomancy (worn) {harm, Melee, Comp}
   (You found it on level 4 of the Spider Nest)

   It has a curse which improves the following skills: Melee Combat: Short
   Blades, Long Blades, Axes, Maces & Flails, Polearms, Staves and Unarmed
   Combat.
   Companions: Summonings and Necromancy.
 x - the cursed +2 robe of Supernal Wisdom (worn) {rC+, Evo, Comp}
   (You took it off Sigmund on level 5 of the Dungeon)

   It has a curse which improves the following skills: Evocations: Evocations.
   Companions: Summonings and Necromancy.
 H - +0 fire dragon scales
 J - the cursed +2 hat "Behold Eternity" (worn) {Int+3, Self, Fort}
   (You found it on level 4 of the Spider Nest)

   It has a curse which improves the following skills: Introspection: Fighting
   and Spellcasting.
   Fortitude: Armour and Shields.
 Q - the cursed +2 pair of gloves of the Chained Seeker (worn) {Stlth+, Elem, Bglg}
   (You acquired it on level 2 of the Orcish Mines)

   It has a curse which improves the following skills: Elements: Fire Magic, Ice
   Magic, Air Magic and Earth Magic.
   Beguiling: Conjurations, Hexes and Translocations.
 S - the cursed +4 barding of the Shattered Sun (worn) {Cun, Comp}
   (You found it on level 5 of the Lair of Beasts)

   It has a curse which improves the following skills: Cunning: Dodging and
   Stealth.
   Companions: Summonings and Necromancy.
Magical Staves
 F - a staff of death
Jewellery
 e - a +4 ring of slaying
 h - the cursed amulet "All-seeing Irritation" (around neck) {RegenMP, Comp, Melee}
   (You found it on level 4 of the Dungeon)

   [amulet of magic regeneration]

   It increases your rate of magic regeneration.
   It has a curse which improves the following skills: Companions: Summonings
   and Necromancy.
   Melee Combat: Short Blades, Long Blades, Axes, Maces & Flails, Polearms,
   Staves and Unarmed Combat.
 m - a +4 ring of protection
 t - the cursed ring "Yoke of the Sky" (left hand) {EV+4, Melee, Self}
   (You found it on level 4 of the Dungeon)

   [ring of evasion]

   EV:        It affects your evasion (+4).
   It has a curse which improves the following skills: Melee Combat: Short
   Blades, Long Blades, Axes, Maces & Flails, Polearms, Staves and Unarmed
   Combat.
   Introspection: Fighting and Spellcasting.
 u - a ring of positive energy
 C - the ring of Wikhinte {rF++ rC+ rN++}
   (You found it in a Gauntlet)

   [ring of protection from cold]

   rF:        It greatly protects you from fire.
   rC:        It protects you from cold.
   rN:        It greatly protects you from negative energy.
 L - the cursed ring "Share My Suspicion" (right hand) {MP+9, Comp, Self}
   (You found it on level 2 of the Lair of Beasts)

   [ring of magical power]

   MP:        It affects your magic capacity (+9).
   It has a curse which improves the following skills: Companions: Summonings
   and Necromancy.
   Introspection: Fighting and Spellcasting.
 N - a ring of resist corrosion
Wands
 c - a wand of polymorph (16)
 i - a wand of acid (9)
 y - a wand of charming (11)
 A - a wand of mindburst (3)
 B - a wand of iceblast (19)
 K - a wand of paralysis (3)
 O - a wand of digging (9)
 U - a wand of flame (10)
Scrolls
 d - 3 scrolls of fear
 k - 3 scrolls of summoning
 w - 3 scrolls of magic mapping
 z - 6 scrolls of teleportation
 M - a scroll of silence
 T - 2 scrolls of torment
 Y - 4 scrolls of fog
Potions
 b - 4 potions of magic
 f - 7 potions of might
 g - 7 potions of curing
 j - a potion of cancellation
 l - 4 potions of mutation
 n - 2 potions of berserk rage
 o - 4 potions of attraction
 p - 8 potions of ambrosia
 s - 4 potions of brilliance
 D - 2 potions of resistance
 E - 3 potions of haste
 G - 3 potions of flight
 P - 4 potions of invisibility
 Z - 5 potions of heal wounds


   Skills:
 - Level 11.6(18.8) Fighting
 - Level 5.7(10.6) Short Blades
 - Level 11.7(17.5) Maces & Flails
 - Level 8.1(14.9) Staves
 - Level 5.0(7.6) Armour
 - Level 7.1(11.0) Dodging
 + Level 3.3(6.6) Stealth
 + Level 0.3(1.1) Shields
 - Level 11.5(18.7) Spellcasting
 + Level 5.3(9.1) Conjurations
 + Level 5.1(8.9) Hexes
 - Level 7.8(14.8) Summonings
 - Level 11.9(19.1) Necromancy
 - Level 3.6(7.1) Translocations
 - Level 7.1 Transmutations
 - Level 6.1(8.7) Ice Magic
 - Level 5.9(8.5) Air Magic
 - Level 5.1(7.7) Earth Magic
 - Level 11.2 Poison Magic
 - Level 10.4(13.0) Evocations


You had 5 spell levels left.
You knew the following spells:

 Your Spells              Type           Power      Damage    Failure   Level
a - Pain                  Necr           100%       1d9       0%          1
b - Vampiric Draining     Necr           85%        2d12      0%          3
c - Ignite Poison         Fire/Tmut/Pois 51%        N/A       1%          3
d - Eringya's Noxious Bo  Tmut/Pois      30%        N/A       10%         6
e - Freezing Cloud        Conj/Ice/Air   30%        6-21      1%          5
f - Anguish               Hex/Necr       37%        N/A       1%          4
g - Summon Ice Beast      Ice/Summ       68%        N/A       1%          4
h - Death Channel         Necr           42%        N/A       1%          6
i - Borgnjor's Vile Clut  Necr/Erth      36%        N/A       1%          5
j - Blink                 Tloc           100%       N/A       1%          2
k - Passage of Golubria   Tloc           54%        N/A       1%          4
l - Summon Cactus Giant   Summ           38%        N/A       1%          6

Your spell library contained the following spells:

 Spells                   Type           Power      Damage    Failure   Level
 Animate Skeleton         Necr           100%       N/A       0%          1
 Summon Small Mammal      Summ           100%       N/A       0%          1
 Animate Dead             Necr           42%        N/A       0%          4
 Apportation              Tloc           100%       N/A       1%          1
 Beastly Appendage        Tmut           100%       N/A       1%          1
 Foxfire                  Conj/Fire      100%       2x1d9     1%          1
 Freeze                   Ice            100%       1d11      1%          1
 Magic Dart               Conj           100%       1d8       1%          1
 Sandblast                Erth           100%       2d20      1%          1
 Shock                    Conj/Air       100%       1d9       1%          1
 Ensorcelled Hibernation  Hex/Ice        100%       N/A       1%          2
 Passwall                 Tmut/Erth      45%        N/A       1%          2
 Searing Ray              Conj           100%       2d8       1%          2
 Wereblood                Tmut           54%        N/A       1%          2
 Confusing Touch          Hex            60%        N/A       1%          3
 Conjure Flame            Conj/Fire      45%        6-21      1%          3
 Dazzling Flash           Conj/Hex       100%       N/A       1%          3
 Frozen Ramparts          Ice            100%       1d12      1%          3
 Inner Flame              Hex/Fire       44%        N/A       1%          3
 Lesser Beckoning         Tloc           54%        N/A       1%          3
 Mephitic Cloud           Conj/Pois/Air  62%        N/A       1%          3
 Spider Form              Tmut/Pois      61%        N/A       1%          3
 Stone Arrow              Conj/Erth      100%       3d13      1%          3
 Summon Guardian Golem    Hex/Summ       68%        N/A       1%          3
 Swiftness                Air            59%        N/A       1%          3
 Tukima's Dance           Hex            60%        N/A       1%          3
 Animate Armour           Summ/Erth      100%       N/A       1%          4
 Cause Fear               Hex            30%        N/A       1%          4
 Fulminant Prism          Conj/Hex       30%        3d16      1%          4
 Hailstorm                Conj/Ice       60%        3d13      1%          4
 Ice Form                 Ice/Tmut       57%        N/A       1%          4
 Iskenderun's Mystic Bla  Conj/Tloc      57%        2d12      1%          4
 Agony                    Necr           85%        N/A       1%          5
 Alistair's Intoxication  Tmut/Pois      40%        N/A       1%          5
 Excruciating Wounds      Necr           42%        N/A       1%          5
 Iskenderun's Battlesphe  Conj           61%        2d11      1%          5
 Silence                  Hex/Air        29%        N/A       1%          5
 Summon Forest            Summ/Tloc      33%        N/A       1%          5
 Summon Mana Viper        Hex/Summ       68%        N/A       1%          5
 Yara's Violent Unravell  Hex/Tmut       28%        3d12      2%          5
 Flame Wave               Conj/Fire      45%        2d10      3%          4
 Blade Hands              Tmut           27%        N/A       4%          5
 Manifold Assault         Tloc           54%        N/A       4%          5
 Fireball                 Conj/Fire      22%        3d10      11%         5
 Conjure Ball Lightning   Conj/Air       30%        3x3d10    11%         6
 Iron Shot                Conj/Erth      29%        9d6       13%         6
 Spellforged Servitor     Conj/Summ      34%        N/A       16%         7
 Dispersal                Tloc           27%        N/A       22%         6
 Orb of Destruction       Conj           30%        9d10      45%         7
 Starburst                Conj/Fire      22%        6d8       50%         6
 Enfeeble                 Hex            30%        N/A       50%         7
 Storm Form               Tmut/Air       28%        N/A       65%         7
 Discord                  Hex            30%        N/A       99%         8
 Disjunction              Tloc           27%        N/A       100%        8
 Chain Lightning          Conj/Air       30%        3d40      100%        9


Dungeon Overview and Level Annotations

Branches:
Dungeon (15/15)            Temple (1/1) D:7            Lair (6/6) D:9
 Shoals (4/4) Lair:2       Spider (4/4) Lair:4        Slime (0/5) Lair:5
    Orc (2/2) D:11            Elf (0/3) Orc:2        Vaults (0/5) D:14
 Depths (0/4) D:15          IceCv (visited)         Gauntlet (visited)

Altars:
Ashenzari
Cheibriados
Fedhas
Gozag
Hepliaklqana
Kikubaaqudgha
Nemelex Xobeh
Okawaru
Qazlal
Ru
Sif Muna
Trog
Uskayaw
Vehumet
Wu Jian
Xom
Yredelemnul
Zin
The Shining One
Beogh
Jiyva
Lugonu

Shops:
D:5 *?   D:8 *   D:11 (   Orc:2 (?*[   Shoals:2 !   Shoals:4 (

Portals:
Abyss: Lair:6


Innate Abilities, Weirdness & Mutations

Your serpentine skin is tough. (AC +6)
You have supernaturally acute eyesight. (SInv)
Armour fits poorly on your strangely shaped body.
Your system is resistant to poisons. (rPois)
You cover ground very slowly.
You can spit poison.
You can use your snake-like lower body to constrict enemies.
You have a pair of small horns on your head.
Your tail ends in a venomous barb.
You expend magic power (3 MP) to strengthen your wands.


Message History

Aiming: Borgnjor's Vile Clutch (mildly dangerous; 1% risk of failure)
Press: ? - help, Shift-Dir - straight line, f - merfolk javelineer, p - merfolk javelineer
Aim: a merfolk javelineer, wielding a +1 spear of venom, wearing a +0 leather armour and quivering silver javelins (severely wounded, extremely poisoned, 100% to hit)
Zombie hands grab the merfolk javelineer.
The zombie hands constrict the manticore!
The zombie hands constrict the merfolk javelineer! x2
The manticore struggles to escape constriction.
The manticore flicks its tail.
The volley of spikes misses you.
The merfolk javelineer festers in the toxic bog!
The merfolk javelineer looks as sick as possible!
The merfolk javelineer throws a silver javelin.
The silver javelin pierces through you!!
* * * LOW HITPOINT WARNING * * *
The silver sears you!
* * * LOW HITPOINT WARNING * * *
The satyr hits something with a +0 club.
The merfolk javelineer throws a silver javelin.
The silver javelin pierces through you!
* * * LOW HITPOINT WARNING * * *
The silver sears you!
* * * LOW HITPOINT WARNING * * *
The merfolk javelineer is wracked by anguish!!
You feel much better.
The zombie hands constrict the manticore!
The zombie hands constrict the merfolk javelineer! x2
You kill the merfolk javelineer!
A glowing mist starts to gather...
The manticore struggles to escape constriction.
Your spectral snapping turtle bites the manticore from afar.
The merfolk javelineer throws a silver javelin.
The silver javelin pierces through you!
* * * LOW HITPOINT WARNING * * *
The silver sears you!
* * * LOW HITPOINT WARNING * * *
The merfolk javelineer is wracked by anguish!!
The merfolk javelineer dies!
A glowing mist starts to gather...
The satyr unwields a +0 club.
The satyr wields a +0 longbow.
The satyr shoots an arrow.
The arrow hits you!!
You die...

, #≈≈≈##≈≈≈≈#P.....P≈
≈≈ ≈ ,≈≈
≈≈≈≈≈#≈≈≈###c.Z...≈ ≈
≈ ≈≈ ≈≈ ≈
≈)≈≈≈≈......#)#P.≈≈≈
≈ ≈ *,≈
≈≈≈∩≈≈.≈≈≈≈Z≈.≈≈.≈≈≈≈
≈≈ ≈≈ , ,
,≈≈≈≈÷.H≈≈≈≈≈≈≈≈≈≈≈≈
≈ ≈ ≈≈ ,, **,
≈≈≈≈≈#t≈≈≈≈H≈≈≈≈≈≈≈
≈≈≈≈≈ , ,
#..≈##.≈[≈≈)†Z≈≈≈≈≈ ≈
, ,,,,.
...[≈≈≈≈≈÷)≈≈≈≈≈≈≈≈≈
≈ , ,,
.....≈≈≈@≈≈≈≈≈≈≈≈≈ ≈
≈≈ ,,,
.....≈≈≈≈Z≈≈≈≈≈≈.≈≈
≈≈ ≈ ,,,
,.....≈≈≈≈≈≈≈≈≈≈≈≈≈≈
≈ * ,
....."≈≈≈≈≈≈≈≈≈≈≈≈ ≈
,,≈≈ ,
.........≈..≈..≈≈ ≈≈
≈ ≈≈
...........≈≈≈≈≈≈≈ ≈≈
≈≈ ≈ ≈ ,
...........≈≈≈≈≈≈≈ ≈
≈ ≈≈ ≈≈≈ ,
..........≈≈≈≈≈ ≈≈≈≈
≈ ≈≈ ≈≈ ≈≈ , * ≈
≈≈≈≈≈≈≈≈ ≈≈


You could see an alligator snapping turtle, a satyr (anguished), 2 manticores, a
friendly spectral snapping turtle, a friendly spectral merfolk aquamancer and 2
friendly spectral merfolk javelineers.

Vanquished Creatures
  Arachne (Spider:4)
  Rupert (D:13)
  Agnes (Spider:4)
  An orc warlord (Orc:2)
  A ghost moth (Spider:4)
  2 emperor scorpions
  Louise (Spider:1)
  8 broodmothers
  2 minotaurs
  2 entropy weavers (Spider:3)
  3 spark wasps
  The ghost of garrulousMonolith the Geomancer, a journeyman GrEE of Ashenzari (Lair:2)
  A fire dragon (D:9)
  4 merfolk javelineers
  5 merfolk impalers
  3 merfolk avatars
  Harold (D:11)
  4 hydras
  An ogre mage (D:15)
  Erica (D:8)
  2 jorogumos
  4 radroaches
  7 boulder beetles
  3 satyrs
  4 centaur warriors
  3 merfolk aquamancers
  A catoblepas (Shoals:2)
  6 two-headed ogres
  12 death yaks
  4 orc high priests
  2 tengu warriors
  A shock serpent (shapeshifter) (D:15)
  Amaemon (Lair:4)
  2 pharaoh ants
  5 sun moths
  10 orb spiders
  A steelbarb worm (Spider:2)
  9 sea snakes
  A spectral jorogumo (Spider:2)
  A glowing orange brain (D:15)
  5 harpies
  2 deep elf pyromancers
  2 orc knights
  Pikel (D:5)
  16 wolf spiders
  3 cyclopes
  13 manticores
  3 orc sorcerers
  17 ugly things
  2 salamanders (shapeshifter) (D:14)
  A moth of wrath (Spider:4)
  4 fauns
  3 elephants (Lair:6)
  3 water nymphs
  4 black mambas
  10 merfolk sirens
  Maurice (D:13)
  An orange demon (Lair:4)
  2 smoke demons (Lair:6)
  A black mamba (shapeshifter) (D:15)
  7 cane toads
  2 ice statues (IceCv)
  4 torpor snails
  2 emperor scorpion simulacra (Spider:2)
  2 gargoyles (D:12)
  7 komodo dragons
  6 demonic crawlers
  2 rime drakes
  3 tengu conjurers
  2 spark wasp simulacra (Spider:2)
  A ghost moth simulacrum (Spider:2)
  2 polar bears
  4 trolls
  10 merfolk
  4 meliai
  6 wind drakes
  A blink frog (shapeshifter) (D:15)
  23 tarantellas
  21 blink frogs
  Prince Ribbit (D:5)
  5 slime creatures
  9 dream sheep
  7 snapping turtles
  Sigmund (D:5)
  4 flying skulls (Gauntlet)
  33 jumping spiders
  A shadow (D:10)
  A spriggan (Lair:4)
  9 water elementals
  2 ynoxinuls (Lair:6)
  3 wyverns
  A dire elephant simulacrum (IceCv)
  22 culicivoras
  A vampire (D:11)
  3 wraiths
  45 yaks
  Eustachio (D:5)
  4 basilisks
  A chaos spawn (Lair:6)
  A human (shapeshifter) (D:13)
  14 vampire mosquitoes
  A steam dragon (D:9)
  3 wargs
  31 redbacks
  17 water moccasins
  4 acid dragons
  A floating eye (shapeshifter) (D:14)
  16 orc warriors
  2 sky beasts
  2 ice beasts (D:5)
  4 black bears
  A black bear (shapeshifter) (D:14)
  14 wolves
  10 centaurs
  6 ogres
  A lemure (D:5)
  2 phantoms (D:5)
  14 bullfrogs
  A kobold brigand (D:10)
  A necrophage (D:7)
  4 small abominations (Lair:6)
  3 scorpions
  A gnoll sergeant (D:10)
  13 killer bees
  12 howler monkeys
  3 electric eels
  6 hounds
  4 jellies
  A gnoll shaman (D:4)
  An iron imp (D:12)
  28 orc priests
  5 iguanas
  29 orc wizards
  2 polar bear simulacra (IceCv)
  A wolf simulacrum (IceCv)
  11 gnolls
  5 adders
  A shadow imp (D:5)
  2 white imps (D:6)
  2 nameless horrors
  4 dart slugs
  59 orcs
  4 ball pythons
  7 bats
  4 endoplasms
  2 giant cockroaches (D:3)
  5 goblins
  A hobgoblin (D:3)
  A jackal (D:5)
  8 kobolds
  2 quokkas
  7 frilled lizards
  6 rats
  A plant (Shoals:1)
871 creatures vanquished.

Vanquished Creatures (collateral kills)
  Polyphemus (Shoals:2)
  A ghost moth (Spider:4)
  The ghost of Entahu the Fighter, a journeyman VSBr of Hepliaklqana (Spider:2)
  A spark wasp (Spider:4)
  An entropy weaver (Spider:1)
  A hydra (Lair:4)
  3 death yaks
  An orc high priest (Orc:2)
  A spectral emperor scorpion (Spider:2)
  2 spectral spark wasps (Spider:2)
  A steelbarb worm (Spider:4)
  2 harpies (Shoals:2)
  A spectral broodmother (Spider:2)
  4 fauns
  A slime creature (Gauntlet)
  A moth of wrath (Spider:4)
  An elephant (Lair:6)
  A cyclops (Shoals:2)
  2 smoke demons (Lair:6)
  A black mamba (Lair:6)
  A cane toad (Lair:6)
  A demonic crawler (Spider:3)
  A freezing wraith (D:14)
  A torpor snail (Spider:4)
  A merfolk (Shoals:2)
  An ancient zyme (Lair:6)
  A polar bear (D:13)
  4 tarantellas
  5 blink frogs
  4 dream sheep
  A snapping turtle (Shoals:1)
  6 jumping spiders
  A water elemental (Shoals:2)
  A yak (Lair:6)
  2 culicivoras
  6 redbacks
  5 small abominations (Lair:6)
  2 wargs (Orc:2)
  3 water moccasins
  2 orc warriors
  An ogre (Orc:2)
  2 bullfrogs
  An orc priest (Orc:2)
  2 orc wizards (Orc:2)
  An orc (Orc:2)
84 creatures vanquished.

Vanquished Creatures (others)
  An angel (D:10)
  A stone giant (Orc:1)
  Nessos (Lair:5)
  An entropy weaver (Spider:4)
  A merfolk javelineer (Shoals:4)
  A boulder beetle (Lair:2)
  2 hydras
  An ice dragon (D:13)
  A centaur warrior (Shoals:1)
  A two-headed ogre (Orc:1)
  4 thrashing horrors (Lair:6)
  6 orb spiders
  An orc knight (Orc:1)
  An ugly thing (Lair:6)
  A cyclops (D:15)
  2 fauns (Shoals:3)
  An orc sorcerer (Orc:2)
  2 manticores
  A torpor snail (Spider:4)
  A water nymph (Shoals:1)
  2 cane toads
  A komodo dragon (Lair:3)
  A tengu conjurer (D:15)
  2 meliai
  A polar bear (D:13)
  A tarantella (Spider:3)
  A blink frog (Lair:3)
  A culicivora (Lair:4)
  A jumping spider (Spider:4)
  4 yaks
  2 wyverns
  A basilisk (Lair:3)
  4 redbacks
  6 orc warriors (Orc:2)
  3 orc priests
  An orc wizard (Orc:1)
  3 orcs (Orc:2)
  4 demonic plants (Gauntlet)
  21 fungi
  56 plants
  25 withered plants
172 creatures vanquished.

Grand Total: 1127 creatures vanquished

Notes
Turn   | Place    | Note
-------+----------+-------------------------------------------
     0 | D:1      | sizableburger the Naga Necromancer began the quest for the
                  | Orb.
     0 | D:1      | Reached XP level 1. HP: 15/15 MP: 3/3
   516 | D:1      | Reached XP level 2. HP: 23/24 MP: 3/5
  1126 | D:2      | Reached skill level 1 in Fighting
  1239 | D:2      | Reached skill level 1 in Staves
  1239 | D:2      | Reached XP level 3. HP: 28/31 MP: 3/6
  1809 | D:2      | Learned a level 3 spell: Vampiric Draining
  2252 | D:3      | Reached XP level 4. HP: 38/39 MP: 6/8
  3067 | D:4      | Noticed a bullfrog
  3075 | D:3      | Killed a bullfrog
  3076 | D:3      | Reached skill level 1 in Short Blades
  3076 | D:3      | Reached XP level 5. HP: 33/46 MP: 3/10
  3266 | D:4      | Reached XP level 6. HP: 55/56 MP: 3/11
  3321 | D:4      | Learned a level 3 spell: Mephitic Cloud
  4293 | D:5      | Entered Level 5 of the Dungeon
  4293 | D:5      | Noticed Sigmund
  4293 | D:5      | Noticed an ice beast
  4293 | D:5      | Noticed a yak
  4293 | D:5      | Noticed a yak
  4300 | D:5      | Noticed Eustachio
  4313 | D:5      | Killed Eustachio
  4314 | D:5      | Reached skill level 1 in Conjurations
  4314 | D:5      | Reached skill level 1 in Air Magic
  4314 | D:5      | Reached XP level 7. HP: 17/62 MP: 4/13
  4771 | D:5      | Noticed Prince Ribbit
  4782 | D:5      | Killed Prince Ribbit
  4813 | D:5      | Reached XP level 8. HP: 64/69 MP: 11/14
  4853 | D:5      | Noticed a yak
  4997 | D:5      | HP: 1/69 [ice beast (9)]
  5337 | D:5      | Reached skill level 5 in Short Blades
  5337 | D:5      | Reached skill level 5 in Poison Magic
  5459 | D:5      | Killed Sigmund
  5460 | D:5      | Reached skill level 1 in Evocations
  5712 | D:5      | Killed a yak
  5955 | D:5      | Learned a level 3 spell: Frozen Ramparts
  5980 | D:5      | Killed a yak
  5981 | D:5      | Reached XP level 9. HP: 50/75 MP: 2/15
  6107 | D:5      | Reached skill level 1 in Ice Magic
  6229 | D:5      | Noticed Pikel
  6264 | D:5      | Killed Pikel
  6514 | D:5      | Found Vuzaockiequ's Gadget Gallery.
  7062 | D:5      | Found Mitolufour's Magic Scroll Shop.
  7574 | D:7      | Found a staircase to the Ecumenical Temple.
  7686 | D:7      | Found a stormy altar of Qazlal.
  7802 | D:7      | You fall into a shaft and drop 1 floor!
  7883 | D:7      | Noticed a boulder beetle
  7957 | D:7      | Noticed a cyclops
  8023 | D:7      | Killed a cyclops
  8024 | D:7      | Reached skill level 5 in Necromancy
  8024 | D:7      | Reached skill level 5 in Evocations
  8024 | D:7      | Reached XP level 10. HP: 72/87 MP: 4/16
  8053 | D:7      | Killed a boulder beetle
  8445 | D:7      | Noticed a manticore
  8454 | D:7      | Killed a manticore
  8455 | D:7      | Reached skill level 5 in Fighting
  8959 | Temple   | Entered the Ecumenical Temple
  9022 | Temple   | Became a worshipper of Ashenzari the Shackled
  9081 | D:6      | Reached skill level 5 in Ice Magic
  9207 | D:6      | Learned a level 4 spell: Animate Dead
 10037 | D:8      | Noticed Erica
 10053 | D:8      | Killed Erica
 10630 | D:8      | Found Gutotep's Blasphemy Boutique.
 10705 | D:8      | Learned a level 4 spell: Anguish
 11069 | D:9      | Found a staircase to the Lair.
 11069 | D:9      | Noticed a fire dragon
 11222 | D:9      | Reached XP level 11. HP: 84/99 MP: 10/18
 11355 | D:9      | Reached skill level 1 in Hexes
 11715 | D:5      | Bought a scroll of acquirement for 624 gold pieces
 11723 | D:5      | Acquired 649 gold pieces
 12126 | D:9      | Reached * piety under Ashenzari
 12168 | D:9      | Reached skill level 5 in Spellcasting
 12546 | D:9      | Killed a fire dragon
 13009 | Lair:1   | Entered Level 1 of the Lair of Beasts
 13042 | D:9      | Learned a level 4 spell: Summon Ice Beast
 13182 | Lair:1   | Reached skill level 1 in Summonings
 14019 | Lair:1   | Acquired 1238 gold pieces
 14095 | Lair:1   | Reached ** piety under Ashenzari
 14497 | D:8      | Bought a book of Unlife for 432 gold pieces
 15681 | Lair:2   | Reached XP level 12. HP: 88/112 MP: 17/21
 16106 | Lair:2   | Reached skill level 5 in Hexes
 16123 | Lair:2   | Noticed garrulousMonolith's ghost (journeyman GrEE)
 16124 | Lair:2   | Noticed a death yak
 16124 | Lair:2   | Noticed a death yak
 16124 | Lair:2   | Noticed a boulder beetle
 16151 | Lair:2   | Noticed a death yak
 16490 | Lair:2   | Found a runed translucent gate.
 16490 | Lair:2   | Found a runed translucent gate.
 16490 | Lair:2   | Found a runed translucent gate.
 16494 | Lair:2   | Noticed a minotaur
 16552 | Lair:2   | Killed a boulder beetle
 16961 | Lair:2   | Noticed a seven-headed hydra
 16980 | Lair:2   | Killed a seven-headed hydra
 17101 | Lair:2   | Found a staircase to the Shoals.
 17709 | Lair:1   | Killed a death yak
 17711 | Lair:1   | Killed a death yak
 17712 | Lair:1   | Reached skill level 5 in Summonings
 17896 | Lair:1   | Killed a death yak
 18344 | Lair:3   | Noticed a death yak
 18802 | Lair:3   | Noticed a death yak
 18803 | Lair:3   | Noticed a death yak
 18812 | Lair:3   | Killed a death yak
 19287 | Lair:3   | Killed a death yak
 19288 | Lair:3   | Reached skill level 5 in Dodging
 19292 | Lair:3   | Killed a death yak
 19293 | Lair:3   | Reached skill level 10 in Evocations
 19293 | Lair:3   | Gained mutation: You can use your snake-like lower body to
                  | constrict enemies. [Naga growth]
 19293 | Lair:3   | Reached XP level 13. HP: 97/121 MP: 20/25
 19605 | Lair:3   | Reached *** piety under Ashenzari
 19614 | Lair:3   | Learned a level 6 spell: Death Channel
 20756 | Lair:4   | Found a hole to the Spider Nest.
 21184 | Lair:4   | Noticed Amaemon
 21197 | Lair:4   | Killed Amaemon
 21350 | Lair:4   | Reached skill level 5 in Staves
 22120 | Lair:5   | Reached **** piety under Ashenzari
 22174 | Lair:5   | Learned a level 5 spell: Borgnjor's Vile Clutch
 22256 | Lair:5   | Noticed Nessos
 22262 | Lair:5   | Killed Nessos
 22263 | Lair:5   | Reached skill level 1 in Earth Magic
 22915 | D:5      | Bought a scroll of enchant armour for 90 gold pieces
 22916 | D:5      | Bought a scroll of summoning for 114 gold pieces
 23281 | Lair:5   | Found a viscous altar of Jiyva.
 23281 | Lair:5   | Found a staircase to the Slime Pits.
 23492 | Lair:6   | Entered Level 6 of the Lair of Beasts
 23523 | Lair:6   | Reached skill level 1 in Armour
 23706 | Lair:6   | Reached XP level 14. HP: 118/135 MP: 5/29
 26252 | Lair:6   | Reached skill level 5 in Earth Magic
 26450 | Lair:6   | Found a corrupted altar of Lugonu.
 26450 | Lair:6   | Found a one-way gate to the infinite horrors of the Abyss.
 26694 | Lair:6   | Learned a level 2 spell: Blink
 26855 | D:10     | Entered Level 10 of the Dungeon
 27090 | D:10     | Noticed an angel
 27094 | D:10     | Found a shimmering altar of Xom.
 27095 | D:10     | Found a glowing silver altar of Zin.
 27355 | D:10     | Killed an angel
 27374 | D:10     | Found a shimmering blue altar of Sif Muna.
 27412 | D:10     | Reached skill level 1 in Translocations
 27868 | D:11     | Noticed Harold
 27877 | D:11     | Killed Harold
 28128 | D:11     | Found a staircase to the Orcish Mines.
 28129 | D:11     | Found Cusip's Weapon Shop.
 28775 | D:11     | Learned a level 5 spell: Freezing Cloud
 28996 | Orc:1    | Entered Level 1 of the Orcish Mines
 29508 | Orc:2    | Entered Level 2 of the Orcish Mines
 29712 | Orc:2    | Found a gate leading to a gauntlet.
 29723 | Gauntlet | Entered a Gauntlet
 29723 | Gauntlet | Found a transporter.
 29743 | Gauntlet | Found a transporter.
 29752 | Gauntlet | Found a transporter.
 29752 | Gauntlet | Identified the ring of Wikhinte {rF++ rC+ rN++}
 29754 | Gauntlet | Found a transporter.
 29756 | Gauntlet | Found a transporter.
 29786 | Gauntlet | Found a transporter.
 29788 | Gauntlet | Found a large runed translucent door.
 29789 | Gauntlet | Found a large runed translucent door.
 29790 | Gauntlet | Found a large runed translucent door.
 29790 | Gauntlet | Found a large runed translucent door.
 29790 | Gauntlet | Found a runed translucent door.
 29791 | Gauntlet | Found a large runed translucent door.
 29792 | Gauntlet | Found a transporter.
 29793 | Gauntlet | Found a runed translucent door.
 29794 | Gauntlet | Found a large runed translucent door.
 29794 | Gauntlet | Found a large runed translucent door.
 29794 | Gauntlet | Found a large runed translucent door.
 29795 | Gauntlet | Found a large runed translucent door.
 29796 | Gauntlet | Found a large runed translucent door.
 29802 | Gauntlet | Found a large runed translucent door.
 29802 | Gauntlet | Found a large runed translucent door.
 29803 | Gauntlet | Found a large runed translucent door.
 29803 | Gauntlet | Found a large runed translucent door.
 29803 | Gauntlet | Found a large runed translucent door.
 29805 | Gauntlet | Found a runed translucent gate.
 29805 | Gauntlet | Found a runed translucent gate.
 29805 | Gauntlet | Found a runed translucent gate.
 29807 | Gauntlet | Found a transporter.
 29819 | Gauntlet | Found a large runed translucent door.
 29826 | Gauntlet | Identified the amulet "Kiceq" {Acrobat Contam +Inv rC+
                  | Will+}
 29827 | Gauntlet | Found a transporter.
 29838 | Gauntlet | Identified the ring of Bupene {rF+ rN+ Dex+4 Slay+2}
 29839 | Gauntlet | Found a transporter.
 29849 | Gauntlet | Noticed a dire elephant
 29851 | Gauntlet | Found a transporter.
 29853 | Gauntlet | Identified the +0 cloak of Rizunuji {rC+ rN+ rCorr}
 29859 | Gauntlet | Identified the ring of Ikkas {rF+ MP+9 Str+5 SInv}
 29863 | Gauntlet | Found a transporter.
 29863 | Gauntlet | Noticed an entropy weaver
 29878 | Gauntlet | Found a transporter.
 29892 | Gauntlet | Found a transporter.
 29923 | Gauntlet | Found a transporter.
 29946 | Gauntlet | Found a transporter.
 29946 | Gauntlet | Found a transporter.
 30562 | Gauntlet | Identified the Almanac of Feathery Changing
 30809 | Orc:2    | Noticed an orc warlord
 30825 | Orc:2    | Killed an orc warlord
 31133 | Orc:2    | Found a staircase to the Elven Halls.
 31330 | Orc:2    | Reached skill level 10 in Necromancy
 31336 | Orc:2    | Reached XP level 15. HP: 95/142 MP: 19/32
 31684 | Orc:2    | Learned a level 4 spell: Passage of Golubria
 31695 | Orc:2    | Found Dehi's Weapon Shoppe.
 31695 | Orc:2    | Found Uwyhauv's Armour Emporium.
 31695 | Orc:2    | Found Giacos's General Store.
 31705 | Orc:2    | Found Kuaggol's Magic Scroll Shoppe.
 31722 | Orc:2    | Bought a scroll of enchant armour for 75 gold pieces
 31725 | Orc:2    | Bought a scroll of acquirement for 780 gold pieces
 31727 | Orc:2    | Acquired a +2 pair of gloves of stealth
 32161 | Orc:1    | Found a transporter.
 32206 | Orc:1    | Found a transporter.
 32359 | Orc:1    | Reached skill level 5 in Conjurations
 32359 | Orc:1    | Reached skill level 5 in Air Magic
 33352 | D:12     | Found a snail-covered altar of Cheibriados.
 34374 | D:13     | Found a frozen archway.
 34455 | IceCv    | Entered an ice cave
 34677 | IceCv    | Found a transporter.
 34682 | IceCv    | Identified the -6 helmet "Muevih" {Int+3 Slay+5}
 34690 | IceCv    | Found a transporter.
 35419 | D:13     | Noticed Maurice
 35431 | D:13     | Killed Maurice
 35580 | D:13     | Reached ***** piety under Ashenzari
 35599 | D:13     | Noticed Rupert
 35608 | D:13     | Killed Rupert
 36344 | D:14     | Gained mutation: You have a pair of small horns on your
                  | head. [potion of mutation]
 36344 | D:14     | Gained mutation: You tend to lose your temper in combat.
                  | [potion of mutation]
 36345 | D:14     | Lost mutation: You tend to lose your temper in combat.
                  | [potion of mutation]
 36345 | D:14     | Lost mutation: You have a pair of small horns on your head.
                  | [potion of mutation]
 36345 | D:14     | Gained mutation: You expend magic power (3 MP) to
                  | strengthen your wands. [potion of mutation]
 36345 | D:14     | Gained mutation: Your tail ends in a venomous barb. [potion
                  | of mutation]
 36345 | D:14     | Gained mutation: You have a pair of small horns on your
                  | head. [potion of mutation]
 36438 | D:14     | Found a gate to the Vaults.
 37299 | D:15     | Entered Level 15 of the Dungeon
 37299 | D:15     | Found a staircase to the Depths.
 37633 | D:15     | Reached XP level 16. HP: 139/159 MP: 34/34
 37881 | D:15     | Reached skill level 10 in Spellcasting
 38217 | D:15     | Acquired 788 gold pieces
 38429 | D:8      | Bought the +7 sceptre of Torment {pain, torment} for 1440
                  | gold pieces
 38429 | D:8      | Found the +7 sceptre of Torment {pain, torment}
 38718 | D:15     | Reached skill level 1 in Maces & Flails
 39063 | D:15     | Identified the +12 plate armour "Zoblarhe" {Rampage rCorr
                  | Str+4 Dex-2}
 39211 | D:15     | Found a basalt altar of Yredelemnul.
 39859 | Spider:1 | Entered Level 1 of the Spider Nest
 39870 | Spider:1 | Reached skill level 5 in Maces & Flails
 40141 | Spider:1 | Noticed Louise
 40156 | Spider:1 | Killed Louise
 41306 | Spider:1 | Learned a level 6 spell: Summon Cactus Giant
 42321 | Spider:2 | Reached skill level 10 in Maces & Flails
 42862 | Spider:2 | Noticed Entahu's ghost (journeyman VSBr)
 42886 | Spider:2 | Found a runed translucent gate.
 42886 | Spider:2 | Found a runed translucent gate.
 42886 | Spider:2 | Found a runed translucent gate.
 42887 | Spider:2 | Found the +2 cloak of the Thief {*Fog Slay-2 SInv Stlth+}
 43763 | Spider:2 | Killed Entahu's ghost
 43836 | Spider:2 | Reached XP level 17. HP: 115/160 MP: 36/36
 44623 | Spider:3 | Reached skill level 10 in Fighting
 44853 | Spider:3 | Identified the +0 robe "Fiecin" {+Inv rElec rC+ Int-5}
 46962 | Spider:4 | Entered Level 4 of the Spider Nest
 47018 | Spider:4 | Reached skill level 5 in Armour
 48875 | Spider:4 | Noticed Agnes
 48876 | Spider:4 | Noticed Arachne
 49667 | Spider:4 | Killed Agnes
 50195 | Spider:4 | Reached XP level 18. HP: 108/184 MP: 26/39
 50374 | Spider:4 | Got a gossamer rune of Zot
 50829 | Spider:4 | Killed Arachne
 50842 | Spider:4 | Learned a level 6 spell: Eringya's Noxious Bog
 51088 | Orc:2    | Bought a scroll of amnesia for 35 gold pieces
 51095 | Orc:2    | Learned a level 5 spell: Manifold Assault
 51361 | Lair:2   | Killed garrulousMonolith's ghost
 52002 | Shoals:1 | Entered Level 1 of the Shoals
 52007 | Shoals:1 | Reached skill level 1 in Transmutations
 53828 | Shoals:2 | Found Deto's Distillery.
 54304 | Shoals:2 | Noticed Polyphemus
 54310 | Shoals:2 | Killed Polyphemus
 54313 | Shoals:2 | Reached skill level 5 in Transmutations
 54925 | Shoals:3 | Reached skill level 10 in Poison Magic
 56262 | Shoals:3 | Learned a level 3 spell: Ignite Poison
 56482 | Shoals:3 | Reached ****** piety under Ashenzari
 56699 | Shoals:4 | Entered Level 4 of the Shoals
 56705 | Shoals:4 | Found Plog's Weapon Emporium.
 56973 | Shoals:4 | Shot with an arrow by a satyr

Illustrated notes

Levels and vault maps discovered:
D:1:      elethiomel_arrival_infinity_welcomes_careful_drivers, layout_basic,
          minmay_strange_pillars
D:2:      layout_loops_cross
D:3:      layout_basic
D:4:      layout_rooms, chequers_garden, serial_bayou_pond_d,
          dreamdust_princess_bridge, minmay_starry_boxes
D:5:      cheibrodos_barr_body, layout_loops_ring, serial_shops,
          kennysheep_little_box, nicolae_shop_gadgets, uniq_prince_ribbit1,
          uniq_eustachio, uniq_pikel, uniq_sigmund
D:6:      layout_rooms
D:7:      layout_loops_ring, nicolae_qazlal_general_emergency, temple_statues,
          kb_rosetta
D:8:      layout_loops_corners, nicolae_evil_shop, uniq_erica
D:9:      layout_loops_ring, nicolae_overflow_hidden_temple,
          minmay_lair_entry_lava
D:10:     layout_irregular_city, grunt_temple_overflow_order_and_chaos_1,
          mainiacjoe_overflow_six_doors_small
D:11:     layout_roguey, orc_david_3, uniq_harold
D:12:     layout_basic, slow_altar_1
D:13:     layout_rooms, portal_ice_cave_entry_animals_and_master, uniq_maurice,
          uniq_rupert
D:14:     layout_irregular_city, david_vaults_2, minivault_10
D:15:     gammafunk_enter_depths_forms, layout_basic, yredelemnul_altar_generic
Temple:   eino_wide_crystal_templ
Lair:1:   layout_regular_city
Lair:2:   layout_cave_pods, elwin_shoals_entry_rooms,
          maelrawn_ghost_gauntlet_escape, lemuel_fruit_fields
Lair:3:   layout_cave_shapes, nicolae_volcano_entry_two_sided,
          nicolae_quartered_pool_little, infiniplex_staircase_pool,
          grunt_megastairs_2
Lair:4:   layout_gridlike, spider_nest_entry_funnel_web, serial_bayou,
          serial_bayou_ford_a, serial_bayou_crossing, serial_bayou_pond_e,
          serial_bayou_pond_e, grunt_forest_large_clearing_hut, uniq_amaemon
Lair:5:   layout_gridlike, slime_altar_1, uniq_nessos
Lair:6:   hellmonk_lair_end_abyssal_woods, layout_cave_pods, minivault_26,
          chequers_serial_rivers_large_b, lemuel_old_faithful
Shoals:1: layout_shoals, nicolae_shoals_shepherds
Shoals:2: layout_shoals, serial_shops, shop_statue, uniq_polyphemus
Shoals:3: layout_shoals, nicolae_shoals_mertower
Shoals:4: shoals_end_grunt_garden, layout_shoals, serial_shops,
          nicolae_shop_bloodbath_and_beyond, hangedman_shoals_cup_caves,
          uniq_mlioglotl, uniq_mara
Spider:1: layout_spider_delve, uniq_louise
Spider:2: layout_spider_delve, gammafunk_ghost_necromancy,
          hellmonk_spider_spawner
Spider:3: layout_spider_delve, hangedman_spider_tarantella_strand
Spider:4: hellmonk_spider_rune_endless_swarm, uniq_agnes, uniq_arachne
Orc:1:    gammafunk_beogh_shrine, layout_caves
Orc:2:    st_orc_mages, layout_caves, gauntlet_entry_generic

Skill      XL: |  1  2  3  4  5  6  7  8  9 10 11 12 13 14 15 16 17 18 |
---------------+-------------------------------------------------------+-----
Fighting       | 1 2 3 4 6 7 9 11 | 11.6
Staves         | 1 2 4 6 8 |  8.1
Spellcasting   | 3 4 5 6 7 9 10 11 | 11.5
Short Blades   | 1 3 5 |  5.7
Conjurations   | 1 2 3 4 5 |  5.3
Air Magic      | 1 2 3 4 5 |  5.9
Poison Magic   | 2 3 6 11 | 11.2
Evocations     | 2 5 6 8 10 | 10.4
Ice Magic      | 4 5 6 |  6.1
Necromancy     | 5 6 8 9 10 11 | 11.9
Hexes          | 4 5 |  5.1
Summonings     | 3 5 7 |  7.8
Dodging        | 2 5 6 7 |  7.1
Earth Magic    | 2 5 |  5.1
Armour         | 1 2 3 5 |  5.0
Translocations | 2 3 |  3.6
Maces & Flails | 10 11 | 11.7
Transmutations | 7 |  7.1
Stealth        | |  3.3
Shields        | |  0.3

Action                   |  1- 3 |  4- 6 |  7- 9 | 10-12 | 13-15 | 16-18 || total
-------------------------+-------+-------+-------+-------+-------+-------++-------
Melee: Staff             |     8 |     7 |    47 |   337 |   985 |    36 ||  1420
       Dagger            |       |    12 |   138 |     6 |       |       ||   156
       Punch             |       |       |     2 |       |       |       ||     2
       Constrict         |       |       |       |       |   158 |   173 ||   331
       Headbutt          |       |       |       |       |    24 |   213 ||   237
       Eveningstar       |       |       |       |       |       |   725 ||   725
 Cast: Pain              |    58 |    55 |    37 |     8 |     3 |     4 ||   165
       Vampiric Draining |       |    20 |    53 |    93 |    96 |    25 ||   287
       Mephitic Cloud    |       |       |     9 |    11 |     2 |       ||    22
       Frozen Ramparts   |       |       |     2 |    46 |    27 |     5 ||    80
       Anguish           |       |       |       |    16 |    64 |    58 ||   138
       Summon Ice Beast  |       |       |       |     8 |    18 |     1 ||    27
       Animate Dead      |       |       |       |     1 |       |       ||     1
       Death Channel     |       |       |       |       |    13 |    20 ||    33
       Borgnjor's Vile C |       |       |       |       |    48 |    67 ||   115
       Freezing Cloud    |       |       |       |       |     8 |    13 ||    21
       Blink             |       |       |       |       |     1 |       ||     1
       Summon Cactus Gia |       |       |       |       |       |    31 ||    31
       Eringya's Noxious |       |       |       |       |       |     5 ||     5
Invok: Curse Item        |       |       |       |     4 |     4 |     4 ||    12
       Shatter the Chain |       |       |       |       |       |     2 ||     2
 Abil: Spit Poison       |     5 |    11 |     5 |     3 |     1 |     7 ||    32
Evoke: Wand              |       |     3 |     7 |     6 |     2 |     2 ||    20
  Use: Scroll            |       |     2 |    10 |    13 |     8 |     9 ||    42
       Potion            |       |     1 |     1 |     4 |     6 |     3 ||    15
 Stab: Confused          |       |       |     2 |     2 |     1 |       ||     5
       Sleeping          |       |       |       |     2 |     6 |    16 ||    24
       Distracted        |       |       |       |     1 |     4 |     1 ||     6
       Invisible         |       |       |       |       |     3 |       ||     3
       Petrifying        |       |       |       |       |       |     3 ||     3
       Petrified         |       |       |       |       |       |     1 ||     1
Armor: Robe              |     4 |    10 |    56 |   110 |   495 |   637 ||  1312
Dodge: Dodged            |     9 |    25 |   107 |   306 |   687 |   834 ||  1968
Block: Buckler           |       |       |    11 |    71 |   110 |   192 ||   384

Table legend: (Time is in decaauts)
 A = Elapsed time spent in this place.
 B = Non-inter-level travel time spent in this place.
 C = Inter-level travel time spent in this place.
 D = Time resting spent in this place.
 E = Time spent auto-exploring this place.
 F = Levels seen in this place.
 G = Mean time per level.
                   A        B        C        D        E       F      G
               +--------+--------+--------+--------+--------+-----+--------+
         Total |  65968 |  59404 |   6564 |  20057 |  28634 |  34 | 1940.2 |
       Dungeon |  25949 |  22669 |   3280 |   4722 |  14417 |  15 | 1729.9 |
        Temple |    113 |     76 |     37 |      0 |      0 |   1 |  113.0 |
          Lair |  16608 |  14492 |   2116 |   5730 |   6385 |   6 | 2768.0 |
        Shoals |   5774 |   5646 |    128 |   1677 |   3042 |   4 | 1443.5 |
   Spider Nest |  12116 |  11439 |    677 |   5971 |   3340 |   4 | 3029.0 |
  Orcish Mines |   3296 |   2974 |    322 |    900 |   1409 |   2 | 1648.0 |
      Ice Cave |    926 |    926 |      0 |    738 |      0 |   1 |  926.0 |
      Gauntlet |   1184 |   1184 |      0 |    317 |     39 |   1 | 1184.0 |
               +--------+--------+--------+--------+--------+-----+--------+

Top non-repeatable levels by time:
  Lair:2: 3885 daAuts
  Lair:1: 3756 daAuts
Spider:3: 3746 daAuts
     D:5: 3543 daAuts
Spider:4: 3486 daAuts
  Lair:6: 3336 daAuts
Spider:2: 2986 daAuts
  Lair:4: 2803 daAuts
Shoals:3: 2355 daAuts
     D:8: 2351 daAuts
     D:9: 2342 daAuts
    D:15: 2260 daAuts
    D:12: 1942 daAuts
     D:7: 1908 daAuts
Spider:1: 1897 daAuts
